 Dungeon Crawl Stone Soup version 0.24-a0-584-g9d6b971 (webtiles) character file.

Game seed: 7711870863576349082, levelgen mode: deterministic

8 Firecrotchwizard the Grave Robber (level 2, 0/20 HPs)
             Began as a Hill Orc Necromancer on Aug 31, 2019.
             Slain by a jackal (1 damage)
             ... on level 1 of the Dungeon.
             The game lasted 00:00:59 (398 turns).

Firecrotchwizard the Grave Robber (HONe)             Turns: 398, Time: 00:00:59

Health: 0/20       AC:  2    Str: 10    XL:     2   Next: 8%
Magic:  0/4        EV: 12    Int: 15    God:
Gold:   0          SH:  0    Dex: 11    Spells: 3/4 levels left

rFire    . . .     SeeInvis .   b - +0 club
rCold    . . .     Gourm    .   (no shield)
rNeg     . . .     Faith    .   a - +0 robe
rPois    .         Spirit   .   (no helmet)
rElec    .         Reflect  .   (no cloak)
rCorr    .         Harm     .   (no gloves)
MR       .....                  (no boots)
Stlth    ++........             (no amulet)
HPRegen  0.06/turn              (no ring)
MPRegen  0.09/turn              (no ring)

@: no status effects
A: no striking features
a: no special abilities


You were on level 1 of the Dungeon.
You were not hungry.

You visited 1 branch of the dungeon, and saw 1 of its levels.

Inventory:

Hand Weapons
 b - a +0 club (weapon)
   (You found it on level 1 of the Dungeon)
Armour
 a - a +0 robe (worn)
Scrolls
 e - a scroll of remove curse {unknown}
Comestibles
 c - a ration
 d - 3 chunks of flesh {@w0}


   Skills:
 + Level 1.8 Dodging
 - Level 1.5 Stealth
 + Level 1.8 Spellcasting
 + Level 4.1 Necromancy


You had 3 spell levels left.
You knew the following spells:

 Your Spells              Type           Power        Failure   Level  Hunger
a - Pain                  Necr           ##..         4%          1    ##.....

Your spell library contained the following spells:

 Spells                   Type           Power        Failure   Level  Hunger
 Animate Skeleton         Necr           N/A          4%          1    ##.....
 Vampiric Draining        Necr           ##........   12%         3    ####...
 Regeneration             Chrm/Necr      #.........   28%         3    ####...
 Animate Dead             Necr           N/A          38%         4    #####..


Dungeon Overview and Level Annotations

Branches:
Dungeon (1/15)

Altars:


Message History

No target in view!
You butcher the goblin corpse.
d - a chunk of flesh {@w0} You see here a goblin skeleton. x2
e - a scroll labeled OBOSIS XALENA You see here a goblin skeleton.
A rat comes into view.
Health restored: 14 You hit the rat.
You kill the rat!
No target in view!
No target in view!
No target in view!
You butcher the rat corpse.
d - 2 chunks of flesh {@w0} (gained 1)
You see here a rat skeleton. x2
You open the door.
There is an open door here.
A rat comes into view.
You barely miss the rat. The rat barely misses you.
You closely miss the rat. The rat barely misses you.
You hit the rat. The rat misses you. x2
You hit the rat but do no damage. The rat bites you.
You take 1 damage, and have 13/14 hp.
You hit the rat.
You kill the rat!
No target in view!
You butcher the rat corpse.
d - 3 chunks of flesh {@w0} (gained 1)
You see here a rat skeleton. x2
A hobgoblin comes into view.
Health restored: 14 The hobgoblin hits you.
You take 2 damage, and have 12/14 hp.
You hit the hobgoblin. The hobgoblin closely misses you.
The hobgoblin barely misses you.
You closely miss the hobgoblin. The hobgoblin closely misses you.
You barely miss the hobgoblin. The hobgoblin hits you.
You take 1 damage, and have 11/14 hp.
You hit the hobgoblin. The hobgoblin closely misses you.
You hit the hobgoblin.
You kill the hobgoblin!
No target in view!
You start resting.
A jackal comes into view.
You regained 2 hp, and now have 13/14 hp.
A jackal is nearby!
No target in view!
No target in view!
No target in view!
A hobgoblin comes into view. It is wielding a +0 club.
Health restored: 14 A goblin comes into view.
The hobgoblin shouts!
A goblin comes into view.
You closely miss the hobgoblin.
The goblin shouts!
The hobgoblin hits you with a +0 club.
You take 1 damage, and have 13/14 hp.
A jackal comes into view.
Aim: a goblin (chance to defeat MR: 83%)
Okay, then.
You closely miss the goblin. The goblin hits you.
You take 2 damage, and have 11/14 hp.
You hit the goblin. The goblin hits you. The goblin barely misses you.
You take 3 damage, and have 8/14 hp.
MASSIVE DAMAGE!!
You closely miss the goblin. The goblin hits you but does no damage.
You hit the goblin but do no damage. The goblin completely misses you.
You barely miss the goblin. The goblin hits you.
The goblin hits you but does no damage.
You take 1 damage, and have 7/14 hp.
You barely miss the goblin. The goblin closely misses you.
You closely miss the goblin. The goblin hits you.
A jackal comes into view.
You take 2 damage, and have 5/14 hp.
You hit the goblin.
You kill the goblin!
You have reached level 2!
You regained 2 hp, and now have 7/20 hp.
MP restored: 4
Aim: a hobgoblin, wielding a +0 club (chance to defeat MR: 83%)
The hobgoblin barely resists.
The hobgoblin hits you with a +0 club.
* * * LOW HITPOINT WARNING * * *
You take 3 damage, and have 4/20 hp.
You now have 3/4 mp.
Aim: a hobgoblin, wielding a +0 club (chance to defeat MR: 83%)
The hobgoblin barely resists.
The hobgoblin hits you with a +0 club.
* * * LOW HITPOINT WARNING * * *
You take 2 damage, and have 2/20 hp.
You now have 2/4 mp.
Aim: a hobgoblin, wielding a +0 club (chance to defeat MR: 83%)
The hobgoblin writhes in agony.
The hobgoblin barely misses you.
You take 1 damage, and have 1/20 hp.
You now have 1/4 mp.
Aim: a hobgoblin, wielding a +0 club (heavily wounded, chance to defeat MR: 83%)
The hobgoblin writhes in agony.
You kill the hobgoblin!
You now have 0/4 mp.
You don't have enough magic to cast that spell.
You aren't carrying any items that you can evoke.
You hit the jackal. The jackal bites you.
You die...

#..# #..# #..# ###
#..# #.#######
##.#######.......#
#..........###.###
###...#####..#.....#
.............###.###
.##.#......#.# #@#
...........#.# #h#
.รท..#......#.# #g#
....#......... #h#
.........#.### #.#
....#....#.#####.#
....#............##.#
.#.......#..........#
............#...#####


You could see 2 jackals and a goblin.

Vanquished Creatures
  A bat (D:1)
  2 goblins (D:1)
  2 hobgoblins (D:1)
  2 rats (D:1)
7 creatures vanquished.

Notes
Turn   | Place    | Note
-------+----------+-------------------------------------------
     0 | D:1      | Firecrotchwizard the Hill Orc Necromancer began the quest
                  | for the Orb.
     0 | D:1      | Reached XP level 1. HP: 14/14 MP: 3/3
   393 | D:1      | Reached XP level 2. HP: 7/20 MP: 4/4
   394 | D:1      | HP: 4/20 [hobgoblin/+0 club (2)]
   398 | D:1      | Slain by a jackal

Levels and vault maps discovered:
D:1:      lightli_arrival_noodles, layout_basic

Action                   || total
-------------------------++-------
Melee: Club              ||    29
 Cast: Pain              ||     6
Armor: Robe              ||     6
Dodge: Dodged            ||    23

Table legend:
 A = Non-vault XP
 B = Vault XP
 C = Vault XP percentage of total XP
 D = Non-vault monster count
 E = Vault monster count
 F = Vault count percentage of total count
                 A         B        C        D         E       F
            +---------+---------+-------+---------+---------+-------
      Total |      12 |       0 |   0.0 |       7 |       0 |   0.0
            +---------+---------+-------+---------+---------+-------
        D:1 |      12 |       0 |   0.0 |       7 |       0 |   0.0
            +---------+---------+-------+---------+---------+-------

Levels and vault maps discovered:
D:1:      lightli_arrival_noodles, layout_basic

Table legend:
 A = Turns spent in this place as a percentage of turns spent in the entire game.
 B = Non-inter-level travel turns spent in this place as a percentage of non-inter-level travel turns spent in the entire game.
 C = Inter-level travel turns spent in this place as a percentage of turns spent in this place.
 D = Turns resting spent in this place as a percentage of non-inter-level travel turns spent in this place.
 E = Turns spent auto-exploring this place as a percentage of non-inter-level travel turns spent in this place.
 F = Non-inter-level travel turns spent in this place divided by the number of levels of this place that you've seen.
                   A       B       C       D       E      F
               +-------+-------+-------+-------+-------+----------------------
         Total | 100.0 | 100.0 |   0.0 |  50.5 |  31.9 | 398.0
       Dungeon | 100.0 | 100.0 |   0.0 |  50.5 |  31.9 | 398.0
               +-------+-------+-------+-------+-------+----------------------

Table legend:
 A = Kills in this place as a percentage of kills in entire the game.
 B = Kills by you in this place as a percentage of kills by you in the entire game.
 C = Kills by friends in this place as a percentage of kills by friends in the entire game.
 D = Other kills in this place as a percentage of other kills in the entire game.
 E = Experience gained in this place as a percentage of experience gained in the entire game.
 F = Experience gained in this place divided by the number of levels of this place that you have seen.
                   A       B       C       D       E      F
               +-------+-------+-------+-------+-------+----------------------
         Total | 100.0 | 100.0 |   N/A |   N/A | 100.0 |  12.0
       Dungeon | 100.0 | 100.0 |   N/A |   N/A | 100.0 |  12.0
               +-------+-------+-------+-------+-------+----------------------
